 Dungeon Crawl Stone Soup version 0.27-a0-406-g23f261fbd2 (webtiles) character file.

Game seed: 10562484585127992782

960 Pith the Fighter (level 7, -1/70 HPs)
             Began as a Minotaur Fighter on Feb 22, 2021.
             Slain by a gnoll shaman
             ... wielding a +0 whip
              (2 damage)
             ... on level 5 of the Dungeon on Feb 23, 2021.
             The game lasted 00:16:31 (4574 turns).

Pith the Fighter (Minotaur Fighter)                 Turns: 4574, Time: 00:16:32

Health: -1/70      AC:  6    Str: 23    XL:     7   Next: 92%
Magic:  6/6        EV:  7    Int:  5    God:
Gold:   102        SH:  9    Dex: 11    Spells: 6/6 levels left

rFire    . . .     SeeInvis .   a - +0 flail
rCold    . . .     Faith    .   c - +0 kite shield
rNeg     . . .     Spirit   .   b - +0 scale mail
rPois    .         Reflect  .   (helmet restricted)
rElec    .         Harm     .   (no cloak)
rCorr    .         Rampage  .   (no gloves)
Will     .....                  (no boots)
Stlth    +.........             (no amulet)
HPRegen  0.21/turn              (no ring)
MPRegen  0.10/turn              (no ring)

@: no status effects
A: retaliatory headbutt, horns 2, thin skeletal structure 1, subdued magic 1
a: no special abilities


You were on level 5 of the Dungeon.
You visited 1 branch of the dungeon, and saw 5 of its levels.

You collected 214 gold pieces.
You spent 112 gold pieces at shops.

Inventory:

Hand Weapons
 a - a +0 flail (weapon)
Armour
 b - a +0 scale mail (worn)
 c - a +0 kite shield (worn)
 l - a +2 kite shield
Scrolls
 f - 3 scrolls of magic mapping {unknown}
 j - 4 scrolls of identify {unknown}
 m - a scroll of fog {unknown}
 p - 2 scrolls of amnesia {unknown}
 q - 2 scrolls of blinking {unknown}
 r - 3 scrolls of teleportation {unknown}
 s - 2 scrolls of random uselessness {unknown}
 v - a scroll of enchant armour {unknown}
Potions
 d - a potion of might
 e - a potion of attraction {unknown}
 g - 2 potions of brilliance {unknown}
 i - a potion of invisibility {unknown}
 k - a potion of haste {unknown}
 n - 2 potions of curing
 o - a potion of heal wounds {unknown}
 t - a potion of degeneration {unknown}
 u - 2 potions of flight {unknown}


   Skills:
 + Level 9.6 Fighting
 * Level 6.1(6.4) Axes
 - Level 2.4(4.6) Maces & Flails
 - Level 3.6 Armour
 - Level 3.6 Shields


You had 6 spell levels left.
You didn't know any spells.
Your spell library was empty.

Dungeon Overview and Level Annotations

Branches:
Dungeon (5/15)             Temple (0/1) D:4

Altars:
Cheibriados
Fedhas
Nemelex Xobeh
Ru
Uskayaw
Vehumet
Wu Jian

Shops:
D:5 !


Innate Abilities, Weirdness & Mutations

You reflexively headbutt those who attack you in melee.
You have a pair of horns on your head.
You have a somewhat thin skeletal structure. (Dex +2, Stealth)
Your spells are a little easier to cast, but a little less powerful.


Message History

The hound barks!
A gnoll shaman comes into view. It is wielding a +0 whip.
Found 6 large rocks.
Things that are here:
a +0 whip; a wand of flame (6); a gnoll corpse The gnoll shaman shouts!
You block the ball python's attack. The ball python grabs you.
The ball python constricts you. You block the ball python's attack.
The ball python constricts you.
You hit the ball python.
The ball python is moderately wounded.
The ball python barely misses you. You furiously retaliate!
You headbutt the ball python!
You kill the ball python!
The hound bites you.
* * * LOW HITPOINT WARNING * * *
You barely miss the hound. Your headbutt misses the hound.
You block the hound's attack. The hound closely misses you.
The hound bites you.
* * * LOW HITPOINT WARNING * * *
You hit the hound. Your headbutt misses the hound.
The hound is moderately wounded.
The hound bites you.
* * * LOW HITPOINT WARNING * * *
You block the hound's attack.
You sock the hound!
You kill the hound!
The gnoll shaman hits you but does no damage.
The gnoll shaman barely misses you.
You see here a hound corpse.
You hit the gnoll shaman but do no damage.
The gnoll shaman barely misses you. You block the gnoll shaman's attack.
You closely miss the gnoll shaman.
You headbutt the gnoll shaman, but do no damage.
The gnoll shaman hits you with a +0 whip.
* * * LOW HITPOINT WARNING * * *
You hit the gnoll shaman. You headbutt the gnoll shaman.
The gnoll shaman is heavily wounded.
The gnoll shaman hits you with a +0 whip.
You die...

, ##. ... ##... , #..
##''##... #..#...# #..
......... .#..#.... #..
....... ....... .#..
.....# #....# .... #...#
#....#, ....
#..#####...###...#.
#.##g@....#.....#.####
#...†..)...).......###
..................##..#.
..##.....$..)..##..##...
. ##.......#...#..##...
#.#.....#).###.##...
...#....##.......)...
...##....###..........
(.≈^....≈≈ #..........


You could see a gnoll shaman.

Vanquished Creatures
  Sigmund (D:4)
  A sky beast (D:5)
  An ogre (D:5)
  A phantom (D:4)
  A bullfrog zombie (D:5)
  4 hounds
  A centaur skeleton (D:4)
  A bullfrog skeleton (D:5)
  Jessica (D:3)
  An iguana (D:4)
  An orc wizard (D:3)
  3 worker ants (D:4)
  A hound zombie (D:5)
  3 gnolls (D:5)
  6 adders
  An adder skeleton (D:4)
  2 dart slugs
  2 leopard geckos
  7 orcs
  6 bats
  5 giant cockroaches
  5 goblins
  6 hobgoblins
  10 jackals
  11 kobolds
  2 quokkas
  2 ball pythons
  4 frilled lizards
  7 rats
97 creatures vanquished.

Vanquished Creatures (others)
  7 plants (D:4)
7 creatures vanquished.

Grand Total: 104 creatures vanquished

Notes
Turn   | Place    | Note
-------+----------+-------------------------------------------
     0 | D:1      | Pith the Minotaur Fighter began the quest for the Orb.
     0 | D:1      | Reached XP level 1. HP: 19/19 MP: 0/0
   120 | D:1      | Reached skill level 4 in Fighting
   120 | D:1      | Reached skill level 1 in Axes
   209 | D:1      | Reached XP level 2. HP: 27/27 MP: 1/1
   600 | D:1      | Reached XP level 3. HP: 34/34 MP: 2/2
  1158 | D:2      | Found an ornate altar of the Wu Jian Council.
  1167 | D:2      | Reached skill level 5 in Fighting
  1167 | D:2      | Found a sacrificial altar of Ru.
  1167 | D:2      | Found a hide-covered altar of Uskayaw.
  1169 | D:2      | Found a sparkling altar of Nemelex Xobeh.
  1220 | D:2      | Found a faded altar of an unknown god.
  1632 | D:3      | Found a blossoming altar of Fedhas.
  1635 | D:3      | Reached XP level 4. HP: 42/42 MP: 3/3
  2058 | D:3      | Noticed Jessica
  2063 | D:3      | Killed Jessica
  2354 | D:3      | Reached XP level 5. HP: 46/50 MP: 4/4
  2405 | D:3      | Reached skill level 6 in Fighting
  2991 | D:4      | Found a staircase to the Ecumenical Temple.
  3100 | D:4      | Reached XP level 6. HP: 52/58 MP: 5/5
  3228 | D:4      | Reached skill level 7 in Fighting
  3738 | D:4      | Found a radiant altar of Vehumet.
  3803 | D:4      | Found a snail-covered altar of Cheibriados.
  3895 | D:4      | Noticed Sigmund
  3900 | D:4      | Killed Sigmund
  3901 | D:4      | Reached skill level 8 in Fighting
  3901 | D:4      | Reached skill level 5 in Axes
  3901 | D:4      | Reached XP level 7. HP: 61/69 MP: 6/6
  4077 | D:5      | Entered Level 5 of the Dungeon
  4077 | D:5      | Found Ranoddes's Distillery.
  4111 | D:5      | Bought a potion of mutation for 112 gold pieces
  4111 | D:5      | Gained mutation: You passively map a small area around you.
                  | [potion of mutation]
  4111 | D:5      | Gained mutation: You are agile. (Dex +2) [potion of
                  | mutation]
  4114 | D:5      | Lost mutation: You passively map a small area around you.
                  | [potion of mutation]
  4114 | D:5      | Lost mutation: You are agile. (Dex +2) [potion of mutation]
  4114 | D:5      | Gained mutation: You have large cloven feet. [potion of
                  | mutation]
  4114 | D:5      | Gained mutation: You evolve. [potion of mutation]
  4114 | D:5      | Gained mutation: You are partially covered in thin metallic
                  | scales. (AC +2) [potion of mutation]
  4121 | D:5      | Lost mutation: You evolve. [potion of mutation]
  4121 | D:5      | Lost mutation: You have large cloven feet. [potion of
                  | mutation]
  4121 | D:5      | Lost mutation: You are partially covered in thin metallic
                  | scales. (AC +2) [potion of mutation]
  4121 | D:5      | Gained mutation: Your spells are a little easier to cast,
                  | but a little less powerful. [potion of mutation]
  4121 | D:5      | Gained mutation: You have a somewhat thin skeletal
                  | structure. (Dex +2, Stealth) [potion of mutation]
  4488 | D:5      | Reached skill level 9 in Fighting
  4569 | D:5      | HP: 1/70 [hound (4)]
  4574 | D:5      | Slain by a gnoll shaman

Illustrated notes

Levels and vault maps discovered:
D:1:      sevenhm_arrival_forest_fort_small_4, layout_basic, minmay_cut_off
D:2:      layout_loops_cross, grunt_temple_overflow_open,
          chequers_ecumenical_altar_simple
D:3:      layout_basic, fedhas_ov_isle_minmay, uniq_jessica
D:4:      layout_basic, kennysheep_slug_shrine, lemuel_doored_altar,
          temple_doors_e, serial_bayou, serial_bayou_ford_a,
          serial_bayou_pond_d, serial_bayou_shore_a, serial_bayou_crossing,
          uniq_sigmund
D:5:      layout_cave_pools, serial_gnoll_camp, gnoll_camp_mini_hut,
          gnoll_camp_huts_moat, gnoll_camp_mini_shop, gnoll_camp_mini_house,
          serial_shops, shop, grunt_qazlal_sundering

Skill      XL: |  1  2  3  4  5  6  7 |
---------------+----------------------+-----
Fighting       | 4 5 6 8 9 |  9.6
Axes           | 1 2 3 4 5 6 |  6.1
Maces & Flails | |  2.4
Armour         | |  3.6
Shields        | |  3.6

Action                   |  1- 3 |  4- 6 |  7- 9 || total
-------------------------+-------+-------+-------++-------
Melee: Flail             |    84 |   119 |    58 ||   261
       Headbutt          |     9 |    19 |    15 ||    43
  Use: Potion            |       |       |     3 ||     3
Armor: Scale mail        |    44 |    45 |    26 ||   115
Dodge: Dodged            |    27 |    31 |    20 ||    78
Block: Kite shield       |    39 |    54 |    37 ||   130

Table legend: (Time is in decaauts)
 A = Elapsed time spent in this place.
 B = Non-inter-level travel time spent in this place.
 C = Inter-level travel time spent in this place.
 D = Time resting spent in this place.
 E = Time spent auto-exploring this place.
 F = Levels seen in this place.
 G = Mean time per level.
                   A        B        C        D        E       F      G
               +--------+--------+--------+--------+--------+-----+--------+
         Total |   4746 |   4746 |      0 |      2 |   3462 |   5 |  949.2 |
       Dungeon |   4746 |   4746 |      0 |      2 |   3462 |   5 |  949.2 |
               +--------+--------+--------+--------+--------+-----+--------+

Top non-repeatable levels by time:
     D:4: 1477 daAuts
     D:3: 1074 daAuts
     D:1: 923 daAuts
     D:2: 750 daAuts
     D:5: 520 daAuts
